[Event "Titled Tuesday Blitz November 08 Early 2022"]
[White "Paszewski, Mateusz"]
[Black "Jiganchine, Roman"]
[WhiteFideId "1141058"]
[BlackFideId "2603667"]
[WhiteElo "2263"]
[BlackElo "2348"]
[Result "1-0"]
[Round "05"]
[TimeControl "180+1"]
[Date "2022.11.09"]
[WhiteClock "0:00:25"]
[BlackClock "0:00:05"]

1. e4 c6 2. d4 d5 3. e5 Bf5 4. h4 h5 5. Bd3 Bxd3 6. Qxd3 Qa5+ 7. Nd2 e6 8. Nf3 Ne7 9. O-O Nf5 10. Nb3 Qb6 11. Bg5 Nd7 12. c3 a5 13. Rab1 a4 14. Nc1 c5 15. Ne2 Qa6 16. Qd1 g6 17. Qd2 Bg7 18. Rbc1 O-O 19. Rfe1 Rac8 20. Qf4 Rfe8 21. g4 hxg4 22. Qxg4 cxd4 23. Nexd4 Nxd4 24. cxd4 Qd3 25. h5 Qf5 26. Qxf5 exf5 27. hxg6 fxg6 28. Kf1 Nf8 29. Ke2 Ne6 30. Bd2 Bf8 31. Rg1 Kf7 32. Kd3 Be7 33. Rh1 Rxc1 34. Bxc1 g5 35. Bd2 Kg6 36. Rc1 g4 37. Ne1 Ra8 38. Ng2 Kf7 39. Nf4 Nxf4+ 40. Bxf4 Ke8 41. Rc7 a3 42. b3 Ra7 43. e6 Kd8 44. Rd7+ Ke8 45. Rxd5 Ra6 46. Rxf5 Rxe6 47. Re5 Kd7 48. Rxe6 Kxe6 49. Ke4 Bb4 50. d5+ Kd7 51. Kf5 Be1 52. Bg3 b5 53. Kxg4 b4 54. Kf5 Bc3 55. Ke4 Bb2 56. Be5 Bc1 57. f4 1-0


[Site "https://www.chess.com"]

[Event "Titled Tuesday Blitz November 08 Early 2022"]
[White "Perez Ponsa, Federico"]
[Black "Garcia Ramos, Daniel"]
[WhiteFideId "117927"]
[BlackFideId "32010311"]
[WhiteElo "2606"]
[BlackElo "2357"]
[Result "1-0"]
[Round "05"]
[TimeControl "180+1"]
[Date "2022.11.09"]
[WhiteClock "0:00:27"]
[BlackClock "0:00:01"]

1. e4 c6 2. d4 d5 3. Nc3 dxe4 4. Nxe4 Nf6 5. Nxf6+ exf6 6. Be3 h5 7. Bd3 Bf5 8. Ne2 Nd7 9. O-O Bxd3 10. Qxd3 Bd6 11. c4 O-O 12. Rad1 Re8 13. Nc3 Qe7 14. c5 Bc7 15. b4 Rad8 16. d5 Ne5 17. Qf5 g6 18. Qh3 cxd5 19. Nxd5 Rxd5 20. Rxd5 Ng4 21. Re1 Qe4 22. Rdd1 Bxh2+ 23. Kh1 Bb8 24. Qf3 Qe5 25. g3 Kh7 26. Bd2 Nxf2+ 27. Qxf2 Qd5+ 28. Qg2 Qd7 29. Rxe8 Qxe8 30. Bf4 Bxf4 31. gxf4 f5 32. Qf3 Kg7 33. Qc3+ Kh7 34. Re1 Qc6+ 35. Kg1 Qc7 36. Re8 Qd7 37. Qh8# 1-0


[Site "https://www.chess.com"]

[Event "Titled Tuesday Blitz November 08 Early 2022"]
[White "Peyrer, Konstantin"]
[Black "Maghsoodloo, Parham"]
[WhiteFideId "1640879"]
[BlackFideId "12539929"]
[WhiteElo "2415"]
[BlackElo "2676"]
[Result "0-1"]
[Round "05"]
[TimeControl "180+1"]
[Date "2022.11.08"]
[WhiteClock "0:00:02"]
[BlackClock "0:00:55"]

1. c4 Nf6 2. Nf3 c5 3. Nc3 d5 4. cxd5 Nxd5 5. e3 e6 6. Bb5+ Bd7 7. Bxd7+ Nxd7 8. O-O Nxc3 9. bxc3 g6 10. Rb1 Qc7 11. d4 Bg7 12. e4 O-O 13. Qb3 Rab8 14. Rd1 b5 15. d5 c4 16. Qa3 Rfe8 17. d6 Qb7 18. Be3 a6 19. Bd4 Bxd4 20. Rxd4 e5 21. Rd5 Nf6 22. Rc5 Qxe4 23. Re1 Qd3 24. Rcxe5 Rxe5 25. Nxe5 Qd5 26. Nf3 Ne4 27. Qxa6 Nxd6 28. h3 Ne4 29. Qa7 Rd8 30. Qe3 Nc5 31. Qe7 Nd3 32. Re3 b4 33. cxb4 c3 34. Qc7 Nxb4 35. Qxc3 Nxa2 36. Qf6 Nb4 37. h4 Rf8 38. Re5 Qd1+ 39. Re1 Qc2 40. h5 Nd3 41. Rf1 Qb2 42. Qxb2 Nxb2 43. hxg6 hxg6 44. Re1 Nd3 45. Re3 Rd8 46. g3 f6 47. Kg2 g5 48. Ne1 Ne5 49. Re2 g4 50. f3 Kf7 51. fxg4 Nxg4 52. Nf3 Rd3 53. Nh2 Ne3+ 54. Kf2 Nf5 55. Nf1 Kg6 56. Kg2 Kg5 57. Rf2 Rc3 58. Rf3 Rc1 59. Rf2 Ra1 60. Nd2 Ne3+ 61. Kf3 Ra3 62. Ne4+ Kf5 0-1


[Site "https://www.chess.com"]

[Event "Titled Tuesday Blitz November 08 Early 2022"]
[White "Postnikov, Daniil"]
[Black "Farmani Anosheh, Armin"]
[WhiteFideId "4166329"]
[BlackFideId "24613240"]
[WhiteElo "2261"]
[BlackElo "2289"]
[Result "0-1"]
[Round "05"]
[TimeControl "180+1"]
[Date "2022.11.09"]
[WhiteClock "0:00:17"]
[BlackClock "0:00:08"]

1. e4 c5 2. a3 e5 3. f4 d5 4. exd5 exf4 5. Nf3 Nf6 6. c4 Bd6 7. Bd3 O-O 8. O-O Bg4 9. Nc3 a6 10. Qc2 Bh5 11. Ng5 Bg6 12. Bxg6 hxg6 13. d3 Qc7 14. Qf2 Nh5 15. Ne2 Be7 16. h4 Bxg5 17. hxg5 Nd7 18. Nxf4 Qb6 19. Nxh5 gxh5 20. Bf4 Qg6 21. Qf3 b5 22. Rae1 Rfe8 23. d6 bxc4 24. dxc4 Nb6 25. Rxe8+ Rxe8 26. Qc6 Rb8 27. d7 Qxc6 28. Bxb8 Nxd7 29. Bf4 Qe6 30. Bd2 Qxc4 31. Bc3 Nf8 32. Rd1 Ne6 33. Re1 Qg4 34. Re5 Qd1+ 35. Re1 Qd5 36. Re5 Qd6 37. Rf5 Nd4 38. Rf2 Qd5 39. b4 Qxg5 40. bxc5 Qxc5 41. Bb4 Qd5 42. Rd2 Qe4 43. Kf2 Nf5 44. Re2 Qf4+ 45. Kg1 Kh7 46. Rf2 Qg4 47. Bd2 Kg6 48. Rf4 Qd1+ 0-1


[Site "https://www.chess.com"]

[Event "Titled Tuesday Blitz November 08 Early 2022"]
[White "Pourkashiyan, Atousa"]
[Black "Johnson, Ben"]
[WhiteFideId "12502014"]
[BlackFideId "2010917"]
[WhiteElo "2247"]
[BlackElo "2140"]
[Result "1-0"]
[Round "05"]
[TimeControl "180+1"]
[Date "2022.11.09"]
[WhiteClock "0:00:33"]
[BlackClock "0:00:21"]

1. Nf3 d5 2. g3 c6 3. Bg2 Bg4 4. O-O e6 5. d3 Nd7 6. h3 Bh5 7. Qe1 Bd6 8. e4 Ne7 9. b3 O-O 10. Bb2 Bxf3 11. Bxf3 e5 12. Nd2 Qc7 13. Bg2 Nc5 14. Qe2 Ne6 15. Nf3 Ng6 16. h4 f6 17. h5 Ne7 18. Bh3 Nc5 19. b4 Na6 20. a3 Kh8 21. Nh4 Rad8 22. Kg2 c5 23. b5 Nb8 24. Rh1 c4 25. Be6 cxd3 26. cxd3 Nd7 27. Qd2 Nc5 28. Ng6+ Nxg6 29. hxg6 Nxe6 30. Rxh7+ Kg8 31. Rah1 1-0


[Site "https://www.chess.com"]

[Event "Titled Tuesday Blitz November 08 Early 2022"]
[White "Pranav, V"]
[Black "Lehtosaari, Mauri"]
[WhiteFideId "25060783"]
[BlackFideId "501999"]
[WhiteElo "2430"]
[BlackElo "2519"]
[Result "1-0"]
[Round "05"]
[TimeControl "180+1"]
[Date "2022.11.09"]
[WhiteClock "0:01:57"]
[BlackClock "0:01:27"]

1. e4 c5 2. Nf3 e6 3. d4 cxd4 4. Nxd4 Bc5 5. Be3 Qb6 6. Nc3 Nc6 7. Na4 Qa5+ 8. c3 Bxd4 9. Bxd4 Nxd4 10. Qxd4 e5 11. Qb4 Qxb4 12. cxb4 Nf6 13. Nc3 d6 14. O-O-O Ke7 15. f3 Rd8 16. g4 Be6 17. Kb1 h6 18. h4 Rac8 19. Be2 g5 20. Rd2 Bc4 21. Bxc4 Rxc4 22. hxg5 hxg5 23. a3 a6 24. Rh6 Rcc8 25. Nd1 Rh8 26. Ne3 Rxh6 27. Nf5+ Ke6 28. Rxd6# 1-0


[Site "https://www.chess.com"]

[Event "Titled Tuesday Blitz November 08 Early 2022"]
[White "Prem, Pranav"]
[Black "Gheorghiu, Calin"]
[WhiteFideId "30901057"]
[BlackFideId "1200305"]
[WhiteElo "1970"]
[BlackElo "2225"]
[Result "0-1"]
[Round "05"]
[TimeControl "180+1"]
[Date "2022.11.09"]
[WhiteClock "0:00:08"]
[BlackClock "0:00:05"]

1. d4 Nf6 2. c4 e6 3. Nf3 c5 4. d5 exd5 5. cxd5 d6 6. Nc3 g6 7. Nd2 Bg7 8. e4 O-O 9. Be2 Ne8 10. O-O Nd7 11. a4 b6 12. Nc4 Ba6 13. Ne3 Bxe2 14. Qxe2 Qe7 15. f3 Nc7 16. Re1 a6 17. Bd2 Rfb8 18. Nc4 Ne5 19. Na3 Qd7 20. f4 Ng4 21. h3 Bd4+ 22. Kh1 Nf2+ 23. Kh2 b5 24. axb5 axb5 25. Nc2 b4 26. Rxa8 Rxa8 27. Nb1 Bxb2 28. Qxf2 Bg7 29. Ne3 Ra2 30. Nc4 Nb5 31. Qf3 Nd4 32. Qd3 Qb5 33. e5 Rc2 34. Rc1 b3 35. exd6 Bf6 36. Nba3 Rxd2 37. Qxd2 Qd7 38. Ne5 Qxd6 39. Nac4 Qxd5 40. Qf2 Qb7 41. Rb1 h5 42. Nf3 Qe4 43. Rb2 Nxf3+ 44. gxf3 Qxf4+ 45. Kg2 Qxc4 46. Rd2 b2 47. Rxb2 Bxb2 48. Qxb2 Qd4 49. Qb8+ Kg7 50. Qc7 c4 51. Qc8 c3 52. Qc7 h4 53. f4 Qd5+ 54. Kf2 Qd4+ 55. Kf3 Qd3+ 56. Kg4 Qg3# 0-1


[Site "https://www.chess.com"]

[Event "Titled Tuesday Blitz November 08 Early 2022"]
[White "Principe, Gerson"]
[Black "Starosta, Martyna"]
[WhiteFideId "3804550"]
[BlackFideId "21818754"]
[WhiteElo "2280"]
[BlackElo "1825"]
[Result "0-1"]
[Round "05"]
[TimeControl "180+1"]
[Date "2022.11.09"]
[WhiteClock "0:00:19"]
[BlackClock "0:00:16"]

1. Nf3 Nf6 2. b3 e6 3. Bb2 d5 4. g3 Be7 5. Bg2 O-O 6. O-O b6 7. d4 Bb7 8. Nbd2 Nbd7 9. c4 c5 10. Rc1 Rc8 11. dxc5 Nxc5 12. Ne5 Qd6 13. cxd5 Bxd5 14. Ndc4 Qb8 15. Ne3 Bxg2 16. Nxg2 Rfd8 17. Qe1 Qb7 18. Ne3 Nd5 19. N5c4 Nxe3 20. Nxe3 Qe4 21. Rc4 Qb7 22. Qc1 Nd7 23. Rd1 Rxc4 24. Qxc4 Nf6 25. Rc1 h6 26. Qc7 Qxc7 27. Rxc7 Rd7 28. Rc8+ Kh7 29. Nc4 Ne4 30. Kg2 f6 31. Bc1 Kg6 32. Be3 Kf7 33. a4 Nd6 34. Nd2 Nxc8 0-1


[Site "https://www.chess.com"]

[Event "Titled Tuesday Blitz November 08 Early 2022"]
[White "Prohorov, Olexandr"]
[Black "Butolo, Alexandru-Mircea"]
[WhiteFideId "14105578"]
[BlackFideId "1261649"]
[WhiteElo "1993"]
[BlackElo "1897"]
[Result "1-0"]
[Round "05"]
[TimeControl "180+1"]
[Date "2022.11.09"]
[WhiteClock "0:00:35"]
[BlackClock "0:00:15"]

1. e4 c5 2. c3 Nf6 3. e5 Nd5 4. Nf3 Nc6 5. Bc4 Nb6 6. Bb3 d6 7. exd6 Qxd6 8. d4 cxd4 9. cxd4 g6 10. Nc3 Bg7 11. Be3 Bg4 12. Bxf7+ Kf8 13. Bb3 Rd8 14. O-O Nxd4 15. Bxd4 Bxd4 16. Qe2 Qf6 17. Ne4 Bxf3 18. gxf3 Qf4 19. Rad1 Kg7 20. Ng3 e5 21. a4 Rhf8 22. Kg2 Rd6 23. a5 Nd7 24. Ne4 Ra6 25. Ba4 Nf6 26. Bc2 Nxe4 27. Bxe4 Rxa5 28. Bxb7 Rb5 29. Qxb5 Qg5+ 30. Kh1 Qh4 31. Qd7+ Kh6 32. Qg4 Qxg4 33. fxg4 Bxf2 34. Kg2 1-0


[Site "https://www.chess.com"]

[Event "Titled Tuesday Blitz November 08 Early 2022"]
[White "Prydun, Andriy"]
[Black "Cruz Mendez, Jean Marco"]
[WhiteFideId "14145898"]
[BlackFideId "3526402"]
[WhiteElo "2163"]
[BlackElo "2064"]
[Result "0-1"]
[Round "05"]
[TimeControl "180+1"]
[Date "2022.11.09"]
[WhiteClock "0:00:02"]
[BlackClock "0:00:10"]

1. e4 c5 2. Nf3 Nc6 3. Bb5 g6 4. Bxc6 dxc6 5. h3 Bg7 6. d3 Nf6 7. Nc3 Nd7 8. Be3 b6 9. Qd2 h6 10. O-O e5 11. Nh2 Nf8 12. Ne2 g5 13. Ng3 Ng6 14. Nh5 Bf8 15. Ng4 Bxg4 16. hxg4 Qd6 17. g3 O-O-O 18. Qe2 Kb7 19. Kg2 Rg8 20. b3 Ne7 21. f3 Rg6 22. Qf2 Qd7 23. a3 Rd6 24. b4 cxb4 25. Rfb1 Nc8 26. axb4 Qe6 27. Bc5 R6d7 28. Bxf8 Rxf8 29. Ng7 Qf6 30. Nf5 Rfd8 31. Rh1 Rh8 32. Qd2 Ne7 33. Ne3 Qg6 34. Rh5 Ng8 35. Nc4 Qe6 36. Qc3 f6 37. Qa3 Kb8 38. Nxb6 axb6 39. Qa8+ Kc7 40. Ra7+ Kd6 41. Qf8+ Qe7 42. Qb8+ Ke6 43. Ra8 Kf7 44. Qxb6 Kg7 45. Qxc6 Rc7 46. Qd5 Rxc2+ 47. Kh3 Rc7 48. b5 Qf7 49. b6 Qxd5 50. exd5 Rb7 51. d6 f5 52. Rc8 Rd7 53. Rc7 Nf6 54. b7 Rb8 55. Kg2 fxg4 56. fxg4 Kg6 57. Rh1 Rxd6 58. Rb1 Nd7 59. Rc8 Rxd3 60. Rc7 Rd2+ 61. Kh3 Rd6 62. Rc8 e4 63. Rxb8 Nxb8 64. Rd1 Rb6 65. Rd8 Rxb7 66. Rd2 Kg7 67. Re2 Re7 68. Re3 Nd7 69. Re1 Nf6 70. Rd1 e3 71. Re1 e2 72. Rxe2 Rb7 73. Rd2 Kg6 74. Rc2 Re7 75. Rb2 Re3 76. Re2 Re4 77. Rf2 Nxg4 78. Rf5 Kxf5 0-1


[Site "https://www.chess.com"]

[Event "Titled Tuesday Blitz November 08 Early 2022"]
[White "Pultinevicius, Paulius"]
[Black "Melikyan, Gnel"]
[WhiteFideId "12809390"]
[BlackFideId "54109990"]
[WhiteElo "2493"]
[BlackElo "2138"]
[Result "0-1"]
[Round "05"]
[TimeControl "180+1"]
[Date "2022.11.09"]
[WhiteClock "0:00:11"]
[BlackClock "0:00:13"]

1. d4 Nf6 2. c3 g6 3. Nf3 Bg7 4. Bg5 O-O 5. Nbd2 d5 6. e3 c6 7. Be2 Qb6 8. Qb3 Bf5 9. O-O Nbd7 10. Qa3 Rfe8 11. h3 h6 12. Bf4 Ne4 13. Nxe4 Bxe4 14. Nd2 Bf5 15. Bg3 e5 16. Rfe1 a5 17. Bf1 a4 18. b4 axb3 19. Qxb3 Qxb3 20. axb3 exd4 21. cxd4 Bf8 22. Rxa8 Rxa8 23. e4 dxe4 24. Nxe4 Bb4 25. Re3 Ra1 26. Nd6 Be6 27. Nxb7 Rb1 28. Nd8 Bd5 29. Re8+ Kg7 30. f3 Bc3 31. Bf2 Bxb3 32. Re3 Bxd4 33. Re7 Bxf2+ 34. Kxf2 Nf6 35. Nxc6 Rb2+ 36. Re2 Rb1 37. Nd4 Bc4 38. Re1 Rb2+ 39. Kg1 Bxf1 40. Rxf1 Nd5 41. Rf2 Rb1+ 42. Kh2 Ne3 43. g4 Rd1 44. Ne2 Rd2 45. Kg3 f5 46. f4 Rd3 47. Kh2 fxg4 48. Ng3 gxh3 49. Kxh3 Nf5 50. Rg2 Kf6 51. Rg1 Rxg3+ 52. Rxg3 Nxg3 53. Kxg3 Kf5 54. Kf3 h5 55. Kg3 Ke4 56. Kh3 Kxf4 57. Kh4 g5+ 58. Kh3 Kf3 59. Kh2 g4 60. Kg1 g3 61. Kh1 g2+ 62. Kg1 h4 63. Kh2 Kf2 64. Kh3 g1=Q 0-1


[Site "https://www.chess.com"]

[Event "Titled Tuesday Blitz November 08 Early 2022"]
[White "Putnam, Liam"]
[Black "Galperin, Platon"]
[WhiteFideId "30938279"]
[BlackFideId "14165414"]
[WhiteElo "2082"]
[BlackElo "2435"]
[Result "1-0"]
[Round "05"]
[TimeControl "180+1"]
[Date "2022.11.09"]
[WhiteClock "0:00:18"]
[BlackClock "0:00:32"]

1. e4 e5 2. Nf3 Nc6 3. Bb5 a6 4. Ba4 Nge7 5. Nc3 d6 6. O-O h6 7. d4 b5 8. Bb3 Nxd4 9. Nxd4 exd4 10. Nd5 c6 11. Nxe7 Bxe7 12. Qxd4 O-O 13. c3 Bb7 14. Re1 Re8 15. Bf4 c5 16. Qd2 c4 17. Bc2 Bg5 18. Qxd6 Qxd6 19. Bxd6 Rad8 20. Rad1 Re6 21. e5 g6 22. g3 Bf3 23. Rd4 h5 24. h4 Bh6 25. Be4 Bxe4 26. Rexe4 Bc1 27. Re2 f6 28. Rd1 Bh6 29. Rde1 fxe5 30. Bxe5 Rd3 31. Kg2 Bd2 32. Bd4 Rxe2 33. Rxe2 Kf7 34. Bc5 Rd5 35. Bd4 Bh6 36. Re4 Bc1 37. Re2 Bh6 38. f4 Bf8 39. Kf3 a5 40. Re5 Rd6 41. Rxb5 Re6 42. Rb7+ Ke8 43. Rb8+ Kf7 44. Be5 Rc6 45. Rb7+ Ke8 46. Ke4 a4 47. Rb8+ Kf7 48. Rb7+ Ke6 49. Bd4 a3 50. b3 Bd6 51. b4 Rc8 52. Rb6 Kd7 53. Ra6 Re8+ 54. Be5 Bf8 55. Rxa3 Kc6 56. Ra6+ Kb5 57. Ra5+ Kb6 58. a4 Rc8 59. Bd4+ Kc6 60. b5+ Kb7 61. Ra7+ Kb8 62. Rd7 Re8+ 63. Be5+ Kc8 64. Rc7+ Kd8 65. Rxc4 Bd6 66. Rd4 Kc7 67. Rxd6 Rxe5+ 68. fxe5 g5 69. Kd5 gxh4 70. gxh4 Kb7 71. e6 Ka7 72. e7 Kb7 73. e8=Q Kc7 74. Qe7+ Kb8 75. Rd8# 1-0


[Site "https://www.chess.com"]

[Event "Titled Tuesday Blitz November 08 Early 2022"]
[White "Rakhmanov, Aleksandr"]
[Black "Weetik, Vjacheslav"]
[WhiteFideId "4173708"]
[BlackFideId "4153472"]
[WhiteElo "2530"]
[BlackElo "2469"]
[Result "1-0"]
[Round "05"]
[TimeControl "180+1"]
[Date "2022.11.09"]
[WhiteClock "0:00:04"]
[BlackClock "0:00:01"]

1. d4 Nf6 2. c4 g6 3. Nc3 Bg7 4. e4 d6 5. h3 O-O 6. Be3 e5 7. d5 c6 8. g4 Na6 9. Qd2 cxd5 10. cxd5 Nc5 11. f3 h5 12. Nge2 Nh7 13. O-O-O h4 14. Kb1 Bf6 15. Bg2 Bg5 16. f4 exf4 17. Nxf4 Nd7 18. Nd3 b6 19. Rhe1 a5 20. e5 Ba6 21. exd6 Bxe3 22. Rxe3 Bxd3+ 23. Qxd3 Nc5 24. Qd4 Qxd6 25. g5 Rae8 26. Rxe8 Rxe8 27. Qxh4 Re5 28. Qf4 Nd3 29. Qg3 Nc5 30. h4 Qb8 31. d6 Re8 32. Qf4 Nd7 33. Qd4 Nhf8 34. Nd5 Ne6 35. Qd2 Kf8 36. Nf6 Nxf6 37. gxf6 Rd8 38. Qh6+ Kg8 39. Qd2 Nc5 40. h5 Kf8 41. hxg6 fxg6 42. Qh6+ Ke8 43. Bc6+ Rd7 44. Re1+ Kf7 45. Qg7# 1-0


[Site "https://www.chess.com"]

[Event "Titled Tuesday Blitz November 08 Early 2022"]
[White "Rios Escobar, Adan"]
[Black "Sharifov, Mekhriddin"]
[WhiteFideId "3403645"]
[BlackFideId "14701545"]
[WhiteElo "2353"]
[BlackElo "2109"]
[Result "1-0"]
[Round "05"]
[TimeControl "180+1"]
[Date "2022.11.09"]
[WhiteClock "0:00:06"]
[BlackClock "0:00:02"]

1. d4 Nf6 2. g3 d5 3. c4 c6 4. Nf3 Bg4 5. Ne5 Bf5 6. cxd5 cxd5 7. Nc3 e6 8. f3 Nc6 9. g4 Bg6 10. h4 h6 11. Nxg6 fxg6 12. Qd3 Kf7 13. Bh3 Bd6 14. Be3 Bg3+ 15. Kf1 Bxh4 16. Kg2 g5 17. f4 gxf4 18. Bxf4 Qb6 19. Be3 Bg5 20. Rad1 Rhf8 21. Rhf1 Kg8 22. Bxg5 hxg5 23. e3 Ne7 24. Rd2 Rac8 25. Kh1 a6 26. Rh2 Qd6 27. Bg2 Kf7 28. e4 Rxc3 29. bxc3 dxe4 30. Bxe4 Ke8 31. Bg2 b5 32. Rh3 Kd7 33. Rhf3 Rh8+ 34. Kg1 Nxg4 35. Rh3 Rxh3 36. Qxh3 Nf6 37. Qf3 Ned5 38. Re1 Nc7 39. Qb7 Ke7 40. Qf3 g4 41. Qe3 Ncd5 42. Qd2 Kd7 43. Re5 Qc7 44. Qg5 Qxc3 45. Qxg7+ Kd6 46. Bxd5 Qc1+ 47. Kg2 Nxd5 48. Qf8+ Kd7 49. Qf7+ Ne7 50. Qxe6+ Kd8 51. Qxe7+ Kc8 52. Rc5+ Qxc5 53. dxc5 b4 54. c6 Kb8 55. Qd7 a5 56. Qb7# 1-0


[Site "https://www.chess.com"]

[Event "Titled Tuesday Blitz November 08 Early 2022"]
[White "Ristic, Nebojsa B"]
[Black "Makhmudov, Shukhrat"]
[WhiteFideId "935468"]
[BlackFideId "14200775"]
[WhiteElo "2320"]
[BlackElo "2135"]
[Result "1-0"]
[Round "05"]
[TimeControl "180+1"]
[Date "2022.11.09"]
[WhiteClock "0:00:36"]
[BlackClock "0:00:04"]

1. d4 Nf6 2. Bf4 d5 3. e3 c5 4. Nf3 Nc6 5. Nbd2 h6 6. c3 c4 7. Ne5 Nxe5 8. dxe5 Ng8 9. e4 e6 10. Be2 b5 11. O-O Bb7 12. exd5 Bxd5 13. Bf3 Bc5 14. Ne4 Rc8 15. Nd6+ Bxd6 16. exd6 Nf6 17. Be5 O-O 18. Bxf6 Qxf6 19. Bxd5 exd5 20. Qxd5 Rfd8 21. Rad1 a6 22. Rfe1 Rd7 23. Re4 Rcd8 24. Red4 Qe6 25. Qc6 Qe2 26. b3 Qxa2 27. bxc4 bxc4 28. g3 a5 29. Rxc4 Rxd6 30. Rxd6 Rxd6 31. Qxd6 Qxc4 32. Qd8+ Kh7 33. Qxa5 Qd3 34. Qe5 f6 35. Qd4 Qb1+ 36. Kg2 Qb7+ 37. Kf1 Qh1+ 38. Ke2 Qxh2 39. Qe4+ Kh8 40. c4 Qh5+ 41. g4 Qc5 42. Kf3 Qb4 43. Qd5 Qb3+ 44. Kg2 Qb4 45. Kg3 Qb3+ 46. f3 Qa2 47. Qd8+ Kh7 48. Qd3+ Kh8 49. c5 Qa5 50. Qd6 Qe1+ 51. Kf4 Qd2+ 52. Qxd2 1-0


[Site "https://www.chess.com"]

[Event "Titled Tuesday Blitz November 08 Early 2022"]
[White "Rodriguez Fontecha, Marcos"]
[Black "Wiegmann, Sascha"]
[WhiteFideId "2256576"]
[BlackFideId "4682041"]
[WhiteElo "2263"]
[BlackElo "2308"]
[Result "0-1"]
[Round "05"]
[TimeControl "180+1"]
[Date "2022.11.09"]
[WhiteClock "0:00:02"]
[BlackClock "0:00:18"]

1. Nf3 Nf6 2. g4 g6 3. g5 Nh5 4. d4 d5 5. Rg1 Bg7 6. Be3 O-O 7. Nc3 c6 8. Qd2 Nd7 9. O-O-O b5 10. Bh3 Nb6 11. Bxc8 Qxc8 12. Qd3 a5 13. b3 a4 14. Kb2 Ra6 15. Ne5 Qc7 16. bxa4 Nxa4+ 17. Nxa4 Rxa4 18. Qb3 Rfa8 19. Nd3 c5 20. Kc1 c4 21. Qxb5 cxd3 22. Qxd3 Rxa2 23. Kd2 Qa5+ 24. Qc3 Qxc3+ 25. Kxc3 Rc8+ 26. Kb3 Rcxc2 27. Rc1 Rxe2 28. Rc8+ Bf8 29. Rgc1 Ng7 30. R1c5 Reb2+ 31. Kc3 Rc2+ 32. Kb3 Rcb2+ 33. Kc3 Ne6 34. R5c6 Rc2+ 35. Kb3 Rxc6 36. Rxc6 Ra1 37. Kb2 Rh1 38. Rc8 Rxh2 39. Kb3 Rh4 40. Kc3 Re4 41. Kd3 Rg4 42. Bc1 Nxg5 43. Ba3 Ne6 44. Bxe7 Kg7 0-1


[Site "https://www.chess.com"]

[Event "Titled Tuesday Blitz November 08 Early 2022"]
[White "Ronka, Erik"]
[Black "Harsh Suresh"]
[WhiteFideId "505080"]
[BlackFideId "45018464"]
[WhiteElo "2264"]
[BlackElo "2227"]
[Result "0-1"]
[Round "05"]
[TimeControl "180+1"]
[Date "2022.11.09"]
[WhiteClock "0:00:01"]
[BlackClock "0:00:16"]

1. e4 c6 2. d4 d5 3. Nd2 g6 4. Ngf3 Bg7 5. c3 h5 6. Bd3 dxe4 7. Nxe4 Nf6 8. Neg5 O-O 9. Qe2 Bg4 10. h3 Bxf3 11. Nxf3 Nbd7 12. O-O c5 13. dxc5 Nxc5 14. Bc2 Qb6 15. Rb1 Qa6 16. Qxe7 Rac8 17. Qe3 Rfe8 18. Qg5 Qxa2 19. Nd4 Nfe4 20. Qf4 Be5 21. Qf3 Nd6 22. Bg5 Bxd4 23. cxd4 Ne6 24. Bf6 Rxc2 25. Qe3 Nf5 26. Qf3 Nexd4 27. Qxb7 Qe6 28. Bg5 Qb6 29. Qd5 Rc5 30. Qa2 Ra5 0-1


[Site "https://www.chess.com"]

[Event "Titled Tuesday Blitz November 08 Early 2022"]
[White "Roque Sola, Gisela"]
[Black "Mihailidis, Anastasios"]
[WhiteFideId "5120241"]
[BlackFideId "4205588"]
[WhiteElo "1961"]
[BlackElo "2312"]
[Result "0-1"]
[Round "05"]
[TimeControl "180+1"]
[Date "2022.11.09"]
[WhiteClock "0:01:39"]
[BlackClock "0:01:56"]

1. e4 c5 2. Nf3 d6 3. d4 cxd4 4. Nxd4 Nf6 5. Nc3 g6 6. Bc4 Bg7 7. O-O O-O 8. f3 Nc6 9. Be3 Qb6 10. Nf5 Qxb2 11. Na4 Qb4 12. Nxg7 Qxc4 13. Nb2 Qc3 14. Qc1 Rd8 15. Nd1 Qc4 16. Bh6 Nd4 17. Ne3 Qb5 18. c3 Ne2+ 0-1


[Site "https://www.chess.com"]

[Event "Titled Tuesday Blitz November 08 Early 2022"]
[White "Roque Sola, Jose Luis"]
[Black "Muminova, Nafisa"]
[WhiteFideId "5120390"]
[BlackFideId "14201526"]
[WhiteElo "2117"]
[BlackElo "2258"]
[Result "0-1"]
[Round "05"]
[TimeControl "180+1"]
[Date "2022.11.09"]
[WhiteClock "0:00:02"]
[BlackClock "0:00:17"]

1. c4 Nf6 2. Nc3 e6 3. e4 c5 4. e5 Ng8 5. Nf3 Nc6 6. d4 cxd4 7. Nxd4 Nxe5 8. Ndb5 d6 9. c5 dxc5 10. Qxd8+ Kxd8 11. Bf4 f6 12. O-O-O+ Bd7 13. Bxe5 fxe5 14. Bc4 Ke7 15. Rhe1 Bxb5 16. Nxb5 Kf6 17. Nc7 Rc8 18. Nxe6 Nh6 19. Nxf8 Rhxf8 20. Rd6+ Ke7 21. Re6+ Kd7 22. R6xe5 Kc7 23. Re7+ Kb8 24. Rxg7 Nf5 25. Rxh7 Nd6 26. Bd5 Rxf2 27. Ree7 Rcf8 28. Bxb7 Rf1+ 29. Kc2 R8f2+ 30. Kb3 c4+ 31. Ka3 c3 32. Rh8+ Rf8 33. Rxf8+ Rxf8 34. bxc3 Nxb7 35. g4 Rf2 36. h4 Rg2 37. g5 Rg4 38. Rh7 Nd6 39. Rh6 Nf5 40. Rh8+ Kc7 41. Rh7+ Kb6 0-1


[Site "https://www.chess.com"]

[Event "Titled Tuesday Blitz November 08 Early 2022"]
[White "Rose, Felix"]
[Black "Bilan, Danila"]
[WhiteFideId "5105722"]
[BlackFideId "24161918"]
[WhiteElo "2039"]
[BlackElo "2173"]
[Result "0-1"]
[Round "05"]
[TimeControl "180+1"]
[Date "2022.11.09"]
[WhiteClock "0:00:15"]
[BlackClock "0:00:12"]

1. e4 c6 2. d4 d5 3. e5 c5 4. dxc5 e6 5. a3 Bxc5 6. b4 Bb6 7. Bb2 Ne7 8. Bd3 a5 9. b5 Nd7 10. Nf3 Nc5 11. O-O Nxd3 12. Qxd3 Bd7 13. Nbd2 Rc8 14. a4 Ng6 15. g3 O-O 16. c4 Bc5 17. cxd5 exd5 18. Qxd5 b6 19. Rac1 Bg4 20. Qe4 Qd7 21. Nc4 Bf5 22. Qe1 Bd3 23. Qd2 Qf5 24. Ne3 Bxe3 25. Qxe3 Bxf1 26. Rxf1 Qc2 27. Bd4 Qxa4 28. Bxb6 Qxb5 29. e6 Rfe8 30. exf7+ Kxf7 31. Ng5+ Kg8 32. Qd2 h6 33. Qa2+ Qc4 34. Qxc4+ Rxc4 35. Nf3 a4 36. Ra1 Rec8 37. Kg2 Ra8 38. Be3 a3 39. Ra2 Rb4 40. Bc1 Rba4 41. Nd2 Ne5 42. Nb1 Nd3 43. Be3 Nb4 44. Ra1 a2 45. Nc3 Nc2 46. Nxa4 Rxa4 47. Rxa2 Rxa2 48. Bd4 Nxd4 49. g4 Ra4 50. Kg3 Ne6 51. f3 Ra3 52. h4 Nd4 53. g5 hxg5 54. hxg5 Nxf3 55. Kg4 Nxg5 56. Kh5 Ra6 57. Kg4 Nf7 58. Kf5 Rf6+ 59. Kg4 g5 60. Kh5 Kg7 61. Kg4 Kg6 62. Kg3 Rf4 63. Kh3 Kf5 64. Kg3 Ne5 65. Kg2 g4 66. Kg3 Rf3+ 67. Kg2 g3 68. Kh3 Kf4 69. Kg2 Rf2+ 70. Kh1 Kg4 71. Kg1 Nf3+ 72. Kh1 g2# 0-1


[Site "https://www.chess.com"]

[Event "Titled Tuesday Blitz November 08 Early 2022"]
[White "Rosh Jain"]
[Black "Makridis, Dimitrios"]
[WhiteFideId "25789465"]
[BlackFideId "25864475"]
[WhiteElo "2233"]
[BlackElo "2272"]
[Result "0-1"]
[Round "05"]
[TimeControl "180+1"]
[Date "2022.11.09"]
[WhiteClock "0:00:04"]
[BlackClock "0:00:33"]

1. e4 c5 2. Nf3 Nf6 3. Nc3 d6 4. d4 cxd4 5. Nxd4 Nc6 6. Bc4 Bd7 7. O-O e6 8. Bg5 Be7 9. Kh1 a6 10. Bb3 O-O 11. f4 Rc8 12. Qd2 b5 13. a3 Na5 14. Rad1 Nxb3 15. Nxb3 Rxc3 16. Qxc3 Nxe4 17. Qf3 Nxg5 18. fxg5 Qc7 19. c3 Bxg5 20. Qg3 Be7 21. Nd2 Bc6 22. Nf3 Qb7 23. Nd4 Be4 24. Qh3 Bf6 25. Nf3 Rd8 26. Qg3 d5 27. Nd2 Bg6 28. h4 Qe7 29. Nf3 h6 30. Rfe1 Bh5 31. Re3 Bxh4 32. Qh3 Bxf3 33. Qxf3 Bg5 34. Re2 Qc7 35. Rd4 a5 36. a4 bxa4 37. Rxa4 Rb8 38. b4 axb4 39. Rxb4 Rxb4 40. cxb4 Qc4 41. Rf2 Bf6 42. Qa3 Qh4+ 43. Kg1 Bd4 44. g3 Bxf2+ 45. Kxf2 Qd4+ 46. Kg2 Qe4+ 47. Kh3 Qh1+ 0-1


[Site "https://www.chess.com"]